 Dungeon Crawl Stone Soup version 0.29.0-4-gdea44cf6ec (webtiles) character file.

Game seed: 6582143242076724119

226 NinjaNoafa the Insei (level 5, 0/40 HPs)
             Began as a Draconian Transmuter on Aug 26, 2022.
             Shot with an arrow by a centaur (3 damage)
             ... on level 4 of the Dungeon.
             The game lasted 00:09:10 (3751 turns).

NinjaNoafa the Insei (Draconian Transmuter)         Turns: 3751, Time: 00:09:11

Health: 0/40       AC:  7    Str: 10 (12) XL:     5   Next: 69%
Magic:  9/9        EV: 12    Int: 12 (15) God:
Gold:   213        SH:  0    Dex:  9 (12) Spells: 9/10 levels left

rFire   . . .      SeeInvis .     - Unarmed
rCold   . . .      Faith    .   (no shield)
rNeg    + . .      Spirit   .   (body armour unavailable)
rPois   +          Reflect  .   (helmet restricted)
rElec   .          Harm     .   s - +0 cloak
rCorr   +          Rampage  .   n - +0 pair of gloves
Will    .....                   (no boots)
Stlth   +.........              (no amulet)
HPRegen 0.13/turn               q - ring of resist corrosion
MPRegen 0.11/turn               f - ring of positive energy

@: on berserk cooldown, flying, hasted, very quick
A: AC +5, unfitting armour, cold-blooded, poison resistance
a: no special abilities


You were on level 4 of the Dungeon.
You visited 1 branch of the dungeon, and saw 4 of its levels.

You collected 213 gold pieces.

Inventory:

Missiles
 g - 24 stones
 i - 2 atropa-tipped darts
Armour
 n - a +0 pair of gloves (worn)
 s - a +0 cloak (worn)
Jewellery
 f - a ring of positive energy (right hand)
 q - a ring of resist corrosion (left hand)
 t - an amulet of reflection
Wands
 b - a wand of polymorph (1)
 e - a wand of paralysis (14)
 o - a wand of quicksilver (1)
Scrolls
 c - a scroll of blinking
 d - a scroll of silence
 k - a scroll of noise
 l - a scroll of teleportation
 m - a scroll of immolation
Potions
 a - a potion of lignification
 h - a potion of might
 r - a potion of flight


   Skills:
 - Level 1.1 Fighting
 - Level 1.7 Dodging
 * Level 4.7 Unarmed Combat
 - Level 3.0 Spellcasting
 - Level 0.2 Translocations
 * Level 4.0 Transmutations


You had 9 spell levels left.
You knew the following spells:

 Your Spells              Type           Power      Damage    Failure   Level
a - Beastly Appendage     Tmut           22%        N/A       4%          1

Your spell library contained the following spells:

 Spells                   Type           Power      Damage    Failure   Level
 Wereblood                Tmut           11%        N/A       7%          2
 Spider Form              Tmut/Pois      6%         N/A       32%         3
 Gell's Gravitas          Tloc           2%         N/A       56%         3
 Lesser Beckoning         Tloc           2%         N/A       56%         3
 Teleport Other           Tloc           2%         N/A       56%         3
 Ice Form                 Ice/Tmut       6%         N/A       71%         4


Dungeon Overview and Level Annotations

Branches:
Dungeon (4/15)
 Temple: D:4-7

Altars:

Shops:
D:3 (

Annotations:
D:4 Grinder


Innate Abilities, Weirdness & Mutations

Your plain brown scales are hard. (AC +5)
You cannot fit into any form of body armour.
You are cold-blooded and may be slowed by cold attacks.
Your system is resistant to poisons. (rPois)


Message History

Casting: Beastly Appendage (safe; 4% risk of failure)
Confirm with . or Enter, or press ? or * to list all spells.
You grow a pair of large bovine horns.
Your feet morph into talons.
The hobgoblin barely misses you. The hobgoblin closely misses you.
You hit the hobgoblin. Your kick misses the hobgoblin.
The hobgoblin is almost dead.
The hobgoblin hits you.
* * * LOW HITPOINT WARNING * * *
You barely miss the hobgoblin. You claw the hobgoblin.
You kill the hobgoblin!
Found a scroll of identify.
Found a stone staircase leading down.
An orc is nearby!
You see here a potion of berserk rage.
Your transformation is almost over.
A phantom comes into view.
Found a scroll of blinking.
The phantom moves out of view.
Found an escape hatch in the ceiling.
The phantom hits you.
* * * LOW HITPOINT WARNING * * *
The phantom blinks!
You blink.
The phantom hits you.
* * * LOW HITPOINT WARNING * * *
Unknown command.
It was a potion of cancellation.
Your magical effects are unravelling.
You feel magically purged.
Your horns disappear.
Your talons disappear.
You feel yourself speed up.
You feel a little less mighty now. The phantom hits you.
* * * LOW HITPOINT WARNING * * *
It was a potion of flight.
You feel very buoyant.
You fly up into the air.
The phantom closely misses you.
It was a potion of haste.
You feel yourself speed up.
The phantom hits you but does no damage.
You see here a scroll of blinking.
c - a scroll of blinking A centaur comes into view.
The centaur shouts!
The centaur wields a +0 shortbow.
The centaur shoots an arrow.
The arrow hits you.
You die...

#....####....##...#
#.........##.# ...##
#.......####....#8.
#####o..# ##....##.
#.....# #...([##8
##W...####....#
#..###..##.##......#####
#........#..........##<<
#.....#@...#.........#.#
#####.#....##...#.†..#..
....................
##c##..#............. ##
...#.###.........
#...............
##...............
.................
#..#............


You could see a phantom, a centaur and an orc.

Vanquished Creatures
  Ijyb (D:3)
  3 iguanas
  An orc wizard (D:4)
  3 adders
  3 worms (D:2)
  2 dart slugs
  7 endoplasms
  3 giant cockroaches
  7 hobgoblins
  4 jackals (D:2)
  3 quokkas
  5 ball pythons
  4 bats
  2 frilled lizards
  5 goblins
  3 kobolds
  5 rats
61 creatures vanquished.

Vanquished Creatures (others)
  A frilled lizard (D:1)
1 creature vanquished.

Grand Total: 62 creatures vanquished

Notes
Turn   | Place    | Note
-------+----------+-------------------------------------------
     0 | D:1      | NinjaNoafa the Draconian Transmuter began the quest for the
                  | Orb.
     0 | D:1      | Reached XP level 1. HP: 16/16 MP: 3/3
   622 | D:1      | Reached XP level 2. HP: 23/23 MP: 5/5
   925 | D:1      | Found a faded altar of an unknown god.
  1507 | D:2      | Reached XP level 3. HP: 18/28 MP: 5/7
  2314 | D:2      | Reached XP level 4. HP: 34/35 MP: 8/8
  2433 | D:3      | Noticed Ijyb
  2452 | D:3      | Gained mutation: You are agile. (Dex +4, Str/Int -1)
                  | [potion of mutation]
  2458 | D:3      | Lost mutation: You are agile. (Dex +4, Str/Int -1) [potion
                  | of mutation]
  2458 | D:3      | Gained mutation: You are weak. (Str -2) [potion of
                  | mutation]
  2458 | D:3      | Lost mutation: You are weak. (Str -2) [potion of mutation]
  2458 | D:3      | Gained mutation: Your system is resistant to poisons.
                  | (rPois) [potion of mutation]
  2481 | D:3      | Killed Ijyb
  2790 | D:3      | Found Jiucraceka's Antique Weapon Shoppe.
  2977 | D:3      | Reached XP level 5. HP: 23/40 MP: 9/9
  3672 | D:4      | Noticed Grinder
  3736 | D:4      | Noticed a phantom
  3737 | D:4      | HP: 2/40 [phantom (3)]
  3751 | D:4      | Noticed a centaur
  3751 | D:4      | Shot with an arrow by a centaur

Illustrated notes

Levels and vault maps discovered:
D:1:      dpeg_arrival_erosion, layout_basic, chequers_ecumenical_altar_grove,
          nrook_uturn, dk_noncrumbling_4
D:2:      layout_rooms, kennysheep_generic_room_7
D:3:      layout_basic, serial_shops, shop, uniq_ijyb
D:4:      layout_cave_pools, nicolae_overflow_hidden_temple, uniq_grinder

Skill      XL: |  1  2  3  4  5 |
---------------+----------------+-----
Spellcasting   | 3 |  3.0
Transmutations | 3 4 |  4.0
Unarmed Combat | 4 |  4.7
Fighting       | |  1.1
Dodging        | |  1.7
Translocations | |  0.2

Action                   |  1- 3 |  4- 6 || total
-------------------------+-------+-------++-------
Melee: Unarmed           |    92 |    89 ||   181
       Tailslap          |     7 |     8 ||    15
       Headbutt          |    14 |     9 ||    23
       Kick              |    16 |    13 ||    29
       Punch             |     7 |     2 ||     9
Throw: Stone             |       |     5 ||     5
       Throwing net      |       |     1 ||     1
 Cast: Beastly Appendage |    26 |    14 ||    40
Evoke: Wand              |       |     2 ||     2
  Use: Scroll            |       |    11 ||    11
       Potion            |       |    10 ||    10
Armor: Skin              |    22 |    29 ||    51
Dodge: Dodged            |    71 |    52 ||   123
